 Dungeon Crawl Stone Soup version 0.19-a0-1786-g230130f (webtiles) character file.

63116 4thArraOfDagon the Grappler (level 14, -13/133 HPs)
             Began as a Troll Wanderer on Oct 3, 2016.
             Was the Champion of the Shining One.
             Killed from afar by a deep elf annihilator (62 damage)
             ... with a crystal spear
             ... on level 3 of the Elven Halls.
             The game lasted 00:39:35 (7396 turns).

4thArraOfDagon the Grappler (Troll Wanderer)        Turns: 7396, Time: 00:39:36

Health: -13/133    AC:  6    Str: 23    XL:     14   Next: 66%
Magic:  19/19      EV: 13    Int:  9    God:    the Shining One [******]
Gold:   1006       SH: 12    Dex: 14    Spells: 1 memorised, 15 levels left

rFire  . . .     SeeInvis .       - Unarmed
rCold  + . .     Gourm    +     E - +0 troll leather armour "Egeoxy" {+Blink MR+ Regen+} (curse)
rNeg   + + +     Faith    .     N - +0 shield of Infinity {rElec rC+ Int-3 Dex+3}
rPois  .         Spirit   .     (helmet restricted)
rElec  +         Dismiss  .     F - +0 cloak (curse)
rCorr  +         Reflect  .     (gloves unavailable)
MR     +++..     Harm     .     (boots unavailable)
Stlth  +.........               l - amulet of the gourmand
                                (no ring)
                                g - ring of resist corrosion

@: lethally poisoned (-13 -> -13), glowing
A: unfitting armour, beak, claws 3, deformed body, deterioration 1, fast
metabolism 3, gourmand, magic resistance 1, regeneration 2, shaggy fur 1, strong
1, tough skin 2
a: Divine Shield, Cleansing Flame, Summon Divine Warrior, Brand Weapon With Holy
Wrath, Renounce Religion, Evoke Blink


You were on level 3 of the Elven Halls.
You worshipped the Shining One.
The Shining One was exalted by your worship.
You were very full.

You visited 3 branches of the dungeon, and saw 20 of its levels.
You also visited: Ossuary.

You collected 2636 gold pieces.
You spent 1630 gold pieces at shops.

Inventory:

Hand Weapons
 a - a +0 giant spiked club
 e - a +0 dagger
Missiles
 D - 4 large rocks (quivered)
Armour
 c - a +1 robe of magic resistance
 y - a +2 robe of fire resistance
 E - the cursed +0 troll leather armour "Egeoxy" (worn) {+Blink MR+ Regen+}
   (You bought it in a shop on level 9 of the Dungeon)

   It affects your resistance to hostile enchantments.
   It lets you blink.
   It increases your rate of regeneration.
   It has a curse placed upon it.
 F - a cursed +0 cloak (worn)
 L - a +2 robe of positive energy
 M - a +0 robe of magic resistance
 N - the +0 shield of Infinity (worn) {rElec rC+ Int-3 Dex+3}
   (You bought it in a shop on level 2 of the Orcish Mines)

   It affects your intelligence (-3).
   It affects your dexterity (+3).
   It protects you from cold.
   It insulates you from electricity.
Jewellery
 g - a ring of resist corrosion (left claw)
 l - an amulet of the gourmand (around neck)
 O - an uncursed ring of fire
Wands
 k - a wand of polymorph (15/24)
 A - a wand of disintegration (0/24)
 C - a wand of flame (28/48)
 H - a wand of disintegration (4/24)
 I - a wand of paralysis (16/24)
 R - a wand of iceblast (4/15)
 S - a wand of teleportation (2/9)
Scrolls
 j - 2 scrolls of enchant weapon {unknown}
 n - 2 scrolls of enchant armour {unknown}
 o - 2 scrolls of blinking {unknown}
 q - 7 scrolls of remove curse {unknown}
 r - 3 scrolls of immolation {unknown}
 v - 4 scrolls of magic mapping
 w - a scroll of fog {unknown}
 x - a scroll of torment {unknown}
 B - a scroll of noise {unknown}
 K - a scroll of teleportation
 Q - 2 scrolls of amnesia {unknown}
Potions
 b - 4 potions of curing
 h - a potion of degeneration
 i - 2 potions of brilliance
 m - 2 potions of berserk rage
 s - a potion of resistance {unknown}
 t - 2 potions of flight
 u - a potion of might
 G - a potion of ambrosia
 P - a potion of beneficial mutation {unknown}
Books
 d - a book of Transfigurations

   Spells                             Type                      Level
   a - Irradiate                      Conjuration/Transmutation    5
   b - Statue Form                    Transmutation/Earth          6
   c - Hydra Form                     Transmutation                6
   d - Dragon Form                    Transmutation                7
Miscellaneous
 J - a phantom mirror
Comestibles
 f - 2 bread rations
 z - 6 meat rations


   Skills:
 - Level 7.0 Fighting
   Level 1.0 Polearms
 - Level 1.0 Throwing
 - Level 6.2 Dodging
 - Level 1.1 Stealth
 - Level 10.0 Shields
 - Level 12.4 Unarmed Combat
 + Level 4.4 Spellcasting
 * Level 7.9 Transmutations
 * Level 9.5 Earth Magic
 - Level 5.1 Invocations


You had 15 spell levels left.
You knew the following spells:

 Your Spells              Type           Power        Failure   Level  Hunger
a - Statue Form           Tmut/Erth      ###......    97%         6    #######


Dungeon Overview and Level Annotations

Branches:
Dungeon (15/15)            Temple (0/1) D:7            Lair (0/6) D:8
    Orc (2/2) D:9             Elf (3/3) Orc:2        Vaults (0/5) D:14
 Depths: D:15

Altars:
Dithmenos
Uskayaw
The Shining One
Beogh

Shops:
D:9 [   D:13 ?   Orc:2 :[[?:=(?[   Elf:1 [*   Elf:2 [

Portals:
Trove: Elf:3 (give +6 ice dragon armour)

Annotations:
Elf:1 Frances


Innate Abilities, Weirdness & Mutations

You are too large for most types of armour.
You have claws for hands.
Your metabolism is lightning-fast.
You like to eat raw meat.
You heal very quickly.
You are covered in fur. (AC +1)
You have very tough skin. (AC +2)
You have a beak for a mouth.
Armour fits poorly on your strangely shaped body.
Your body sometimes deteriorates upon taking damage.
You are resistant to hostile enchantments. (MR+)
Your muscles are strong. (Str +2)


Message History

You feel sick.
You mangle the deep elf annihilator!! You peck the deep elf annihilator.
The deep elf annihilator is severely wounded.
You feel sick.
The deep elf annihilator closely misses you.
The deep elf annihilator blocks your attack.
The deep elf annihilator is severely wounded.
You feel sick.
The deep elf annihilator points at you and mumbles some strange words.
The crystal spear hits you!
The deep elf annihilator blocks your attack.
The deep elf annihilator is severely wounded.
You feel sick.
You claw the deep elf annihilator!
The deep elf annihilator blocks your attack.
The deep elf annihilator is almost dead.
You feel sick.
The deep elf annihilator gestures at you while chanting.
The crystal spear hits you!
You die...

##.........#........#
*#.................#.#
*..................#.##
*.................##..####
*#................'......)
###########e.)(.#########
*** #.#.#()# *** *,***
###e#.#.(# ***,*
*,,,***#@#.#.##)# ***,,,*
*,,,,,*##e##.#.)#**,,,,,*
*,,,,,,,####e####,,,,,*,*
*,***,,,,,*#.#*,,,,,***,*
*,,****,,,,.e.,,,,**,*,,*
*,,,,***,,,...,,,***,,,,*
*,,,,,**,,,...,,,**,,,,,*
*,,,,,,,,,,,e,,,,*,,,,,,*
*,,,,,,,,,,,,,,,,,,,,,,,*


You could see a deep elf annihilator.

Vanquished Creatures
  2 deep elf sorcerers (Elf:3)
  2 deep elf elementalists (Elf:3)
  5 deep elf demonologists (Elf:3)
  2 deep elf annihilators (Elf:3)
  3 deep elf death magi (Elf:3)
  2 deep elf high priests (Elf:3)
  3 vault guards (D:14)
  6 dancing weapons
  2 orc high priests
  5 deep elf knights
  2 unseen horrors
  2 orc knights
  4 deep elf archers
  2 hill giants
  7 orc sorcerers
  24 deep elf magi
  2 ugly things (D:14)
  A manticore (D:10)
  A gargoyle (D:9)
  2 centaur skeletons
  2 tengu conjurers (D:15)
  3 trolls (Orc:2)
  A hornet (D:12)
  2 hippogriffs
  2 air elementals (Elf:3)
  3 wyverns
  2 fire elementals (Elf:3)
  2 vampire mosquitoes (D:14)
  A hungry ghost (D:12)
  2 wargs
  A soldier ant (D:14)
  2 sky beasts
  18 orc warriors
  A black bear (D:14)
  8 ogres
  A phantom (D:9)
  3 boggarts (D:14)
  A necrophage (D:8)
  6 centaurs
  2 big kobolds
  2 earth elementals
  11 bullfrogs
  A gnoll sergeant (D:9)
  3 scorpions
  9 killer bees (D:8)
  7 wights
  2 howler monkeys (D:12)
  A crimson imp (D:7)
  4 hounds
  A centaur zombie (D:12)
  2 bullfrog zombies
  21 orc priests
  A bullfrog skeleton (D:9)
  An iguana (D:12)
  30 orc wizards
  5 worker ants
  2 killer bee zombies (D:8)
  A hound zombie (D:8)
  13 mummies
  3 adders
  11 gnolls
  An adder skeleton (D:6)
  A worm (D:5)
  A dart slug (D:2)
  A leopard gecko (D:1)
  69 orcs
  16 kobolds
  A quokka (D:9)
  A frilled lizard (D:4)
  3 gnoll skeletons (Ossuary)
  A goblin (D:1)
  A goblin skeleton (Ossuary)
  2 kobold skeletons (Ossuary)
  A leopard gecko skeleton (D:8)
  2 orc skeletons (Ossuary)
  2 rats (D:2)
  11 rat skeletons (Ossuary)
387 creatures vanquished.

Vanquished Creatures (collateral kills)
  A deep elf blademaster (Elf:3)
  2 deep elf master archers (Elf:3)
  A deep elf sorcerer (Elf:3)
  A deep elf demonologist (Elf:3)
  The ghost of kae the Spry, a journeyman SpEn of Dithmenos (D:14)
  A deep elf annihilator (Elf:3)
  A hydra (D:14)
  5 vault guards (D:14)
  An ugly thing (D:14)
  A centaur simulacrum (D:14)
  3 vampire mosquitoes (D:14)
  3 boggarts (D:14)
21 creatures vanquished.

Grand Total: 408 creatures vanquished

Notes
Turn   | Place    | Note
-------+----------+-------------------------------------------
     0 | D:1      | 4thArraOfDagon the Troll Wanderer began the quest for the Orb.
     0 | D:1      | 4thArraOfDagon set off with: a +2 spear, a potion of curing, a scroll of teleportation, a +0 robe, a +0 dagger, 2 bread rations
     0 | D:1      | Reached XP level 1. HP: 22/22 MP: 0/0
    63 | D:1      | You fall through a shaft!
   151 | D:2      | Reached skill level 2 in Unarmed Combat
   151 | D:2      | Reached XP level 2. HP: 22/29 MP: 1/1
   233 | D:2      | Found a glowing golden altar of the Shining One.
   241 | D:2      | Became a worshipper of the Shining One
   304 | D:4      | Reached skill level 3 in Unarmed Combat
   304 | D:4      | Reached skill level 1 in Invocations
   304 | D:4      | Reached XP level 3. HP: 24/36 MP: 2/2
   356 | D:4      | Reached XP level 4. HP: 29/44 MP: 2/4
   405 | D:4      | Reached skill level 4 in Unarmed Combat
   480 | D:5      | Entered Level 5 of the Dungeon
   515 | D:5      | Reached XP level 5. HP: 46/50 MP: 5/5
   633 | D:5      | Noticed a sky beast
   647 | D:5      | Killed a sky beast
   647 | D:5      | Reached skill level 5 in Unarmed Combat
   759 | D:6      | Noticed an ogre
   770 | D:6      | Killed an ogre
   770 | D:6      | Reached XP level 6. HP: 36/59 MP: 5/7
   862 | D:6      | Reached skill level 6 in Unarmed Combat
   862 | D:6      | Reached XP level 7. HP: 18/66 MP: 8/8
  1039 | D:7      | Reached * piety under the Shining One
  1063 | D:7      | Reached skill level 7 in Unarmed Combat
  1157 | D:7      | Found a sand-covered staircase.
  1167 | Ossuary  | Entered an ossuary
  1221 | Ossuary  | Reached ** piety under the Shining One
  1311 | Ossuary  | Reached *** piety under the Shining One
  1467 | D:8      | Found a hide-covered altar of Uskayaw.
  1476 | D:8      | Reached XP level 8. HP: 74/74 MP: 10/10
  1548 | D:7      | Found a staircase to the Ecumenical Temple.
  1652 | D:8      | Noticed a hippogriff
  1652 | D:8      | Reached **** piety under the Shining One
  1670 | D:8      | Reached skill level 8 in Unarmed Combat
  1776 | D:8      | Noticed a queen bee
  1795 | D:8      | Found a staircase to the Lair.
  1810 | D:8      | Reached XP level 9. HP: 19/83 MP: 7/11
  1971 | D:9      | Reached skill level 5 in Invocations
  2064 | D:9      | Reached skill level 9 in Unarmed Combat
  2074 | D:9      | Found Dyuziepn's Antique Armour Shop.
  2121 | D:9      | Noticed a gargoyle
  2121 | D:10     | Entered Level 10 of the Dungeon
  2205 | D:10     | Noticed a manticore
  2216 | D:10     | Killed a manticore
  2358 | D:10     | Reached ***** piety under the Shining One
  2365 | D:10     | Noticed a hill giant
  2378 | D:10     | Killed a hill giant
  2378 | D:10     | Reached skill level 5 in Shields
  2378 | D:10     | Reached XP level 10. HP: 40/94 MP: 12/12
  2567 | D:9      | Reached skill level 10 in Unarmed Combat
  2568 | D:9      | Found a staircase to the Orcish Mines.
  2570 | D:9      | Found a roughly hewn altar of Beogh.
  2591 | Orc:1    | Entered Level 1 of the Orcish Mines
  2642 | Orc:1    | Noticed an orc knight
  2731 | Orc:1    | Reached skill level 5 in Fighting
  2765 | Orc:1    | Killed an orc knight
  3036 | D:10     | Noticed an unseen horror
  3042 | D:10     | Killed an unseen horror
  3100 | D:9      | Bought a translucent troll leather armour for 250 gold pieces
  3100 | D:9      | Bought an embroidered cloak for 112 gold pieces
  3110 | D:9      | Identified the cursed +0 troll leather armour "Egeoxy" {+Blink MR+ Regen+} (You bought it in a shop on level 9 of the Dungeon)
  3126 | D:9      | Killed a gargoyle
  3348 | D:11     | Noticed a hill giant
  3375 | D:11     | Killed a hill giant
  3434 | D:12     | Reached skill level 11 in Unarmed Combat
  3435 | D:12     | Reached XP level 11. HP: 104/104 MP: 11/13
  3523 | D:12     | Reached skill level 5 in Dodging
  3636 | D:13     | Found Ateuwet's Magic Scroll Emporium.
  3641 | D:13     | Noticed a centaur warrior
  3698 | D:14     | Noticed kae's ghost (journeyman SpEn)
  3706 | D:14     | Killed kae's ghost
  3724 | D:14     | Found a shadowy altar of Dithmenos.
  3752 | D:14     | Noticed a four-headed hydra
  3752 | D:14     | Noticed a green ugly thing
  3759 | D:14     | Killed a four-headed hydra
  3760 | D:14     | Noticed a green ugly thing
  3760 | D:14     | Killed a green ugly thing
  3761 | D:14     | Noticed a green ugly thing
  3772 | D:14     | Killed a green ugly thing
  3775 | D:14     | Killed a green ugly thing
  3781 | D:14     | Gained mutation: You heal very quickly. [mutagenic meat]
  3784 | D:14     | Gained mutation: Your body sometimes deteriorates upon taking damage. [mutagenic meat]
  3790 | D:14     | Gained mutation: Your muscles are strong. (Str +2) [mutagenic meat]
  3793 | D:14     | Gained mutation: Armour fits poorly on your strangely shaped body. [mutagenic meat]
  3796 | D:14     | Gained mutation: You have a beak for a mouth. [mutagenic meat]
  3799 | D:14     | Gained mutation: You are resistant to hostile enchantments. (MR+) [mutagenic meat]
  3832 | D:14     | Noticed a vault guard
  3832 | D:14     | Noticed a vault guard
  3832 | D:14     | Noticed a vault guard
  3845 | D:14     | Killed a vault guard
  3850 | D:14     | Noticed a vault guard
  3851 | D:14     | Killed a vault guard
  3857 | D:14     | Killed a vault guard
  3861 | D:14     | Killed a vault guard
  3862 | D:14     | Noticed a vault guard
  3871 | D:14     | Killed a vault guard
  3894 | D:14     | Noticed a vault guard
  3923 | D:14     | Killed a vault guard
  3939 | D:14     | Noticed a vault guard
  3954 | D:14     | Killed a vault guard
  3954 | D:14     | Reached skill level 12 in Unarmed Combat
  3958 | D:14     | Found a gate to the Vaults.
  3976 | D:14     | Noticed an unseen horror
  3983 | D:14     | Killed an unseen horror
  4041 | D:14     | Noticed a vault guard
  4055 | D:14     | Killed a vault guard
  4055 | D:14     | Reached XP level 12. HP: 85/115 MP: 14/14
  4101 | D:15     | Entered Level 15 of the Dungeon
  4473 | Orc:2    | Entered Level 2 of the Orcish Mines
  4494 | Orc:2    | Found Vaenizepp's Book Boutique.
  4547 | Orc:2    | Found Cauxziy's Antique Armour Shop.
  4579 | Orc:2    | Found Fuexteal's Antique Armour Shoppe.
  4580 | Orc:2    | Bought a twisted shield for 332 gold pieces
  4580 | Orc:2    | Found a staircase to the Elven Halls.
  4598 | Orc:2    | Found Sanaw's Book Boutique.
  4654 | Orc:2    | Identified the +0 shield of Infinity {rElec rC+ Int-3 Dex+3} (You bought it in a shop on level 2 of the Orcish Mines)
  4667 | Orc:2    | Identified a scroll of acquirement
  4684 | Orc:2    | Bought a book of Transfigurations for 660 gold pieces
  4691 | Orc:2    | Learned a level 6 spell: Statue Form
  4832 | Orc:2    | Reached skill level 1 in Earth Magic
  4842 | Orc:2    | Reached skill level 1 in Transmutations
  4846 | Orc:2    | Reached ****** piety under the Shining One
  4936 | Orc:2    | Found a roughly hewn altar of Beogh.
  4989 | Orc:2    | Reached skill level 1 in Spellcasting
  5169 | Orc:2    | Found Init's Weapon Shop.
  5169 | Orc:2    | Found Becrozin's Magic Scroll Shop.
  5170 | Orc:2    | Found Teil's Jewellery Boutique.
  5173 | Orc:2    | Found Fuoneis's Magic Scroll Boutique.
  5173 | Orc:2    | Noticed an orc high priest
  5274 | Orc:2    | Found Qyrigyep's Antique Armour Shoppe.
  5309 | Orc:2    | Bought a scroll of magic mapping for 56 gold pieces
  5311 | Orc:2    | Bought a scroll of teleportation for 36 gold pieces
  5311 | Orc:2    | Bought a scroll of teleportation for 36 gold pieces
  5341 | Orc:2    | Killed an orc high priest
  5365 | Orc:2    | Bought a scroll of identify for 24 gold pieces
  5387 | Elf:1    | Entered Level 1 of the Elven Halls
  5539 | Elf:1    | Found Weedgh's Antique Armour Shoppe.
  5539 | Elf:1    | Found Zewi's Assorted Antiques.
  5600 | Elf:1    | Bought a fuming clear potion for 28 gold pieces
  5600 | Elf:1    | Bought a scroll labeled XACOOP SIWI for 32 gold pieces
  5600 | Elf:1    | Bought a scroll labeled XACOOP SIWI for 32 gold pieces
  5600 | Elf:1    | Bought a scroll labeled TEULIT DEMMILO for 32 gold pieces
  5644 | Elf:1    | Reached XP level 13. HP: 79/124 MP: 15/15
  5684 | Elf:1    | Adelle: Hi there!
  5742 | Elf:1    | 4thArraOfDagon: hello Adelle
  5807 | Elf:1    | Adelle: Someone here recommended to watch you
  5811 | Elf:1    | Noticed Frances
  5831 | Elf:1    | Reached skill level 10 in Shields
  5937 | Elf:2    | Found Luaqyl's Antique Armour Emporium.
  5949 | Elf:2    | Reached skill level 5 in Earth Magic
  5971 | Elf:3    | Entered Level 3 of the Elven Halls
  5971 | Elf:3    | Found a portal to a secret trove of treasure.
  5972 | Elf:3    | pedritolo: lol enough shops already! :)
  6163 | Elf:3    | Reached skill level 5 in Transmutations
  6423 | Elf:3    | arkorax: wow what tile is that :O?
  6605 | Elf:3    | Adelle: Mahjong tile
  6710 | Elf:3    | arkorax: the creature?
  6730 | Elf:3    | Adelle: Dragon
  6748 | Elf:3    | arkorax: also does anyone of you have info of the new god?
  6797 | Elf:3    | arkorax: the stone sheep he is?
  6804 | Elf:3    | tabstorm: you sacrifice body armor
  6806 | Elf:3    | tabstorm: and get ac
  6813 | Elf:3    | tabstorm: and some toher powers
  6821 | Elf:3    | arkorax: that aint a dragon?
  6842 | Elf:3    | arkorax: already out :)?
  6844 | Elf:3    | tabstorm: the tile?
  6845 | Elf:3    | tabstorm: no its a new monsters from desolation of salt
  6848 | Elf:3    | Noticed a deep elf elementalist
  6850 | Elf:3    | arkorax: thanks :)
  6883 | Elf:3    | arkorax: is the new god already out or nah?
  6902 | Elf:3    | Killed a deep elf elementalist
  6904 | Elf:3    | Noticed a deep elf demonologist
  6920 | Elf:3    | Killed a deep elf demonologist
  6920 | Elf:3    | Reached XP level 14. HP: 68/133 MP: 18/18
  6954 | Elf:3    | Noticed a deep elf sorcerer
  6958 | Elf:3    | jacquesderrida: Reeee
  6970 | Elf:3    | Killed a deep elf sorcerer
  6991 | Elf:3    | jacquesderrida: Tabstroem the fugitive
  7017 | Elf:3    | jacquesderrida: Hiding out in the slovinski realm
  7033 | Elf:3    | arkorax: tabstorm?
  7048 | Elf:3    | arkorax: you slovenian too?
  7061 | Elf:3    | Noticed a deep elf elementalist
  7063 | Elf:3    | Adelle: fagitive
  7084 | Elf:3    | Killed a deep elf elementalist
  7087 | Elf:3    | jacquesderrida: Hilarious
  7091 | Elf:3    | Noticed a deep elf blademaster
  7109 | Elf:3    | Killed a deep elf blademaster
  7130 | Elf:3    | Noticed a deep elf blademaster
  7146 | Elf:3    | Noticed a deep elf sorcerer
  7149 | Elf:3    | Killed a deep elf sorcerer
  7155 | Elf:3    | Noticed a deep elf master archer
  7156 | Elf:3    | Noticed a deep elf master archer
  7167 | Elf:3    | Killed a deep elf master archer
  7173 | Elf:3    | Killed a deep elf master archer
  7298 | Elf:3    | Noticed a deep elf sorcerer
  7323 | Elf:3    | Killed a deep elf sorcerer
  7336 | Elf:3    | Adelle: Whoa, 10 spectators
  7396 | Elf:3    | Killed from afar by a deep elf annihilator

Vault maps used:
D:1:      eino_arrival_water_cross
D:2:      nicolae_overflow_hidden_temple, old_standard_altar, st_stairs_5,
          uniq_iyjb
D:3:      gammafunk_temple_overflow_elements, serial_glass, glass_columns_b,
          glass_columns_c, glass_columns_a, glass_columns_a,
          due_unseen_surprise, feat_on_display, item_on_display_a, first_bread,
          minivault_26, lemuel_angel_altar
D:4:      nicolae_tso_swordbearing_angel
D:7:      nicolae_overflow_crystal_walls, gup_ossuary_entry_pyramid,
          guppyfry_early_elven_hall
D:8:      lemuel_crystal_altar, lair_0_dummy, david_nohive_1
D:9:      david_orc_5, serial_shops, shop
D:10:     serial_glass, glass_columns_a, glass_columns_a
D:11:     minmay_opposing_rooms, minmay_tree_intersection
D:12:     nicolae_alphabet_shops
D:13:     serial_shops, nicolae_shop_crystal, grunt_ministairs_15
D:14:     erik_vaults_2, nicolae_water_bricks, basic_altar,
          nicolae_straight_to_the_point
D:15:     gammafunk_enter_depths_forms, minmay_misc_feat_tower,
          nicolae_lava_and_water, uniq_azrael
Orc:1:    nicolae_orc_rockfall
Orc:2:    st_orc_mages, basic_altar, serial_shops, shop,
          nicolae_shop_statue_plus, shop, shop, nicolae_shop_waterfront
Elf:1:    eino_elf_arrival_sip, serial_shops, shop_statue, shop,
          nicolae_shop_waterfront, nicolae_shop_overgrown_old_shop, uniq_agnes,
          uniq_frances
Elf:2:    serial_shops, shop_fountains, columned_hall_lemuel, minivault_8,
          uniq_donald
Elf:3:    elf_hall, serial_glass, glass_columns_a, glass_columns_a,
          nicolae_trove_entry_crossroad, dk_noncrumbling_3
Ossuary:  ossuary_due_small_catacomb

Skill      XL: |  1  2  3  4  5  6  7  8  9 10 11 12 13 14 |
---------------+-------------------------------------------+-----
Unarmed Combat | 2 3 4 5 6 7 8 9 11 12 | 12.4
Invocations    | 1 2 3 4 5 |  5.1
Fighting       | 3 4 5 6 7 |  7.0
Dodging        | 2 3 4 6 |  6.2
Shields        | 3 5 6 8 9 10 | 10.0
Earth Magic    | 4 7 9 |  9.5
Transmutations | 3 6 7 |  7.9
Spellcasting   | 2 3 4 |  4.4
Polearms       | |  1.0
Throwing       | |  1.0
Stealth        | |  1.1

Action                   |  1- 3 |  4- 6 |  7- 9 | 10-12 | 13-15 || total
-------------------------+-------+-------+-------+-------+-------++-------
Melee: Unarmed           |    47 |    70 |   330 |   591 |   390 ||  1428
       Punch             |     1 |     1 |     4 |       |       ||     6
       Peck              |       |       |       |    54 |    63 ||   117
Invok: Divine Shield     |       |       |     2 |     1 |       ||     3
       Summon Divine War |       |       |       |     1 |     2 ||     3
Evoke: Wand              |       |       |     2 |     2 |     6 ||    10
  Use: Scroll            |       |       |    12 |     7 |     3 ||    22
       Potion            |       |       |     5 |     4 |     2 ||    11
  Eat: Chunk             |     6 |     6 |    15 |    40 |    17 ||    84
Armor: Robe              |    12 |    16 |    49 |     9 |       ||    86
       Skin              |       |       |    24 |     8 |       ||    32
       Troll leather arm |       |       |       |    59 |    27 ||    86
Dodge: Dodged            |    17 |    17 |    62 |   121 |    70 ||   287
Block: Large shield      |       |       |   148 |   274 |       ||   422
       Shield            |       |       |       |    86 |    97 ||   183
